 Dungeon Crawl Stone Soup version 0.16.1-51-g6203257 (webtiles) character file.

70 Antunes the Ruffian (level 4, -1/29 HPs)
             Began as a Gargoyle Monk on Aug 6, 2015.
             Slain by a slave (4 damage)
             ... led by Pikel
             ... on level 4 of the Dungeon.
             The game lasted 00:08:40 (1343 turns).

Antunes the Ruffian (Gargoyle Monk)                 Turns: 1343, Time: 00:08:40

Health: -1/29      AC:  7    Str: 15    XL:     4   Next: 22%
Magic:  4/4        EV: 12    Int: 10    God:
Gold:   75         SH:  0    Dex: 13    Spells: 0 memorised, 3 levels left

rFire  . . .     SeeInvis .       - Unarmed
rCold  . . .     Clarity  .     e - +0 leather armour
rNeg   + . .     SustAb   .     (no shield)
rPois  ∞         Gourm    .     (no helmet)
rElec  +         Spirit   .     (no cloak)
rCorr  .         Warding  .     n - +0 pair of gloves
rMut   .         Stasis   .     (no boots)
MR     .....                    (no amulet)
Stlth  ++........               (no ring)
                                (no ring)

@: not resistant to hostile enchantments, unstealthy
A: negative energy resistance 1, electricity resistance, unbreathing,
petrification resistance, rot immunity, AC +3
a: no special abilities


You were on level 4 of the Dungeon.
You were hungry.

You visited 1 branch of the dungeon, and saw 4 of its levels.

You collected 75 gold pieces.


Innate Abilities, Weirdness & Mutations

You are resistant to torment.
You are immune to poison.
Your stone body is very resilient (AC +3).
You resist negative energy.
You are resistant to electric shocks.
You can survive without breathing.
You are immune to petrification.
You are immune to rotting.


   Skills:
 + Level 3.7 Fighting
 * Level 0.6 Throwing
 * Level 0.2 Armour
 + Level 2.7 Dodging
 * Level 3.0 Stealth
 + Level 4.6 Unarmed Combat


You had 3 spell levels left.
You didn't know any spells.

Dungeon Overview and Level Annotations

Branches:
Dungeon (4/15)
 Temple: D:4-7

Altars:

Annotations:
D:4 Pikel

Inventory:

Hand weapons
 c - a +0 whip
   (You found it on level 1 of the Dungeon)
 g - a +0 dagger
   (You took it off a goblin on level 1 of the Dungeon)
 j - a +0 dagger
   (You took it off Ijyb on level 2 of the Dungeon)
Missiles
 d - 22 stones (quivered)
 o - 38 poisoned needles
Armour
 e - a +0 leather armour (worn)
   (You found it on level 1 of the Dungeon)
 n - a +0 pair of gloves (worn)
   (You found it on level 2 of the Dungeon)
Scrolls
 a - 4 scrolls of random uselessness {unknown}
 k - 2 scrolls of remove curse {unknown}
 m - a scroll of enchant armour {unknown}
 p - a scroll of recharging {unknown}
Potions
 h - a potion of degeneration {unknown}
 i - 2 potions of curing {unknown}
Comestibles
 b - 2 bread rations
 f - a meat ration
 l - a chunk of flesh

#............
...>......Sp ##
#....)..... ###.
#......h....
#...####...........
##...#p..#..###?#
#........# .#
#.SpKh##.# .#
#.@pg.##.# #
#.........###..
#....###### ###.
#.... .# #... . #


You could see Pikel, 3 slaves, a hound, an adder and a goblin.


Message History

You climb downwards.
A rat comes into view.
There is a stone staircase leading up here.
The helpless rat fails to defend itself.
You punch the rat!
You kill the rat!
You see here a rat corpse.
You butcher the rat corpse.
l - 4 chunks of flesh (gained 1)
You start resting.
Some of the chunks of flesh in your inventory have rotted away.
You start resting.
Some of the chunks of flesh in your inventory have rotted away.
You start resting.
HP restored.
You are feeling hungry.
Found a hand axe.
Found an escape hatch in the floor.
A slave and Pikel come into view.
Pikel shouts!
A slave comes into view.
A hound and 2 slaves come into view.
The slave shouts! x3
Found a scroll labeled MUASMU CUXOL.
An adder comes into view.
Pikel zaps a wand.
You resist with some effort.
It is a wand of enslavement.
Pikel zaps a wand.
Your will is overpowered!
You are confused.
Pikel zaps a wand.
Your will is overpowered!
You are more confused.
The hound barks!
Pikel zaps a wand.
You resist with some effort.
A goblin comes into view. It is wielding a club.
The goblin shouts!
The goblin moves out of view.
You bump into the rock wall.
The slave hits you but does no damage.
You miss the slave. The slave hits you. The slave hits you.
There is a stone staircase leading up here.
The slave hits you. x2
In your confused state, you trip and fall back down the stairs.
The adder bites you but does no damage. The slave barely misses you.
The slave closely misses you.
Unknown command.
You feel less confused.
The hound pauses to sniff the ground.
The adder barely misses you. The slave hits you!
* * * LOW HITPOINT WARNING * * *
The slave hits you.
You die...

Action                   |  1- 3 |  4- 6 || total
-------------------------+-------+-------++-------
Melee: Unarmed           |   136 |    21 ||   157
Throw: Stone             |     1 |       ||     1
 Stab: Sleeping          |     1 |     1 ||     2
  Eat: Chunk             |       |     1 ||     1

Vault maps used:
D:1:      evilmike_arrival_rings, minmay_misc_feat_secret_circle
D:2:      first_bread, minmay_snake_closets, uniq_iyjb
D:3:      nicolae_qazlal_general_emergency
D:4:      gammafunk_temple_overflow_pools, bloody_makhleb, uniq_edmund,
          uniq_natasha, uniq_pikel

Notes
Turn   | Place    | Note
--------------------------------------------------------------
     0 | D:1      | Antunes, the Gargoyle Monk, began the quest for the Orb.
     0 | D:1      | Reached XP level 1. HP: 14/14 MP: 1/1
   198 | D:1      | Reached XP level 2. HP: 16/19 MP: 2/2
   576 | D:2      | Reached XP level 3. HP: 23/23 MP: 3/3
   643 | D:2      | Noticed Ijyb
   689 | D:2      | Killed Ijyb
   701 | D:2      | Reached XP level 4. HP: 9/29 MP: 4/4
  1150 | D:3      | Reached skill level 3 in Stealth
  1328 | D:4      | Noticed Pikel
  1328 | D:4      | Noticed a slave
  1329 | D:4      | Noticed a slave
  1329 | D:4      | Noticed a slave
  1329 | D:4      | Noticed a slave
  1343 | D:4      | HP: 3/29 [slave[Pikel] (7)]
  1343 | D:4      | Slain by a slave

Vanquished Creatures
  Ijyb (D:2)
  An adder (D:2)
  A worm (D:2)
  3 giant geckos (D:2 D:3)
  4 bats (D:1 D:2)
  4 goblins (D:1 D:2)
  6 hobgoblins (D:1 D:2)
  A giant cockroach (D:2)
  A giant newt (D:2)
  4 kobolds (D:1 D:3)
  10 rats (D:1 D:2 D:4)
36 creatures vanquished.

Vault maps used:
D:1:      evilmike_arrival_rings, minmay_misc_feat_secret_circle
D:2:      first_bread, minmay_snake_closets, uniq_iyjb
D:3:      nicolae_qazlal_general_emergency
D:4:      gammafunk_temple_overflow_pools, bloody_makhleb, uniq_edmund,
          uniq_natasha, uniq_pikel

Table legend:
 A = Turns spent in this place as a percentage of turns spent in the entire game.
 B = Non-inter-level travel turns spent in this place as a percentage of non-inter-level travel turns spent in the entire game.
 C = Inter-level travel turns spent in this place as a percentage of turns spent in this place.
 D = Turns resting spent in this place as a percentage of non-inter-level travel turns spent in this place.
 E = Turns spent auto-exploring this place as a percentage of non-inter-level travel turns spent in this place.
 F = Non-inter-level travel turns spent in this place divided by the number of levels of this place that you've seen.
                   A       B       C       D       E      F
               +-------+-------+-------+-------+-------+----------------------
         Total | 100.0 | 100.0 |   0.0 |   1.7 |   4.5 | 146.0
       Dungeon | 100.0 | 100.0 |   0.0 |   1.7 |   4.5 | 146.0
               +-------+-------+-------+-------+-------+----------------------

Table legend:
 A = Kills in this place as a percentage of kills in entire the game.
 B = Kills by you in this place as a percentage of kills by you in the entire game.
 C = Kills by friends in this place as a percentage of kills by friends in the entire game.
 D = Other kills in this place as a percentage of other kills in the entire game.
 E = Experience gained in this place as a percentage of experience gained in the entire game.
 F = Experience gained in this place divided by the number of levels of this place that you have seen.
                   A       B       C       D       E      F
               +-------+-------+-------+-------+-------+----------------------
         Total | 100.0 | 100.0 |  -nan |  -nan | 100.0 |  25.2
       Dungeon | 100.0 | 100.0 |  -nan |  -nan | 100.0 |  25.2
               +-------+-------+-------+-------+-------+----------------------
